 Dungeon Crawl Stone Soup version 0.26.0-20-g3ca415f5b8 (webtiles) character file.

Game seed: 15280230646973221150

163 kaeus the Firebug (level 5, -3/38 HPs)
             Began as a Draconian Fire Elementalist on Jan 25, 2021.
             Slain by an orc
             ... wielding a +0 hand axe
              (4 damage)
             ... on level 4 of the Dungeon.
             The game lasted 00:03:56 (4293 turns).

kaeus the Firebug (Draconian Fire Elementalist)     Turns: 4293, Time: 00:03:56

Health: -3/38      AC:  7    Str: 10    XL:     5   Next: 20%
Magic:  8/9        EV: 12    Int: 17    God:
Gold:   155        SH:  0    Dex: 11    Spells: 8/9 levels left

rFire    . . .     SeeInvis .   a - +2 dagger (elec)
rCold    . . .     Faith    .   (no shield)
rNeg     . . .     Spirit   .   (armour unavailable)
rPois    .         Reflect  .   (helmet restricted)
rElec    .         Harm     .   (no cloak)
rCorr    +         Rampage  .   g - +0 pair of gloves
Will     .....                  h - +0 pair of boots
Stlth    ++........             (no amulet)
HPRegen  0.12/turn              j - ring of resist corrosion
MPRegen  0.11/turn              (no ring)

@: attractive
A: unfitting armour, cold-blooded, AC +5
a: no special abilities


You were on level 4 of the Dungeon.
You visited 2 branches of the dungeon, and saw 7 of its levels.

You collected 155 gold pieces.

Inventory:

Hand Weapons
 a - a +2 dagger of electrocution (weapon)
Armour
 g - a +0 pair of gloves (worn)
 h - a +0 pair of boots (worn)
 n - a scarf of shadows
Jewellery
 j - a ring of resist corrosion (left hand)
Scrolls
 d - a scroll of enchant weapon {unknown}
 i - 3 scrolls of remove curse {unknown}
 k - a scroll of noise {unknown}
 m - a scroll of identify {unknown}
 p - a scroll of immolation {unknown}
 q - a scroll of amnesia {unknown}
Potions
 b - 2 potions of brilliance
 r - a potion of degeneration {unknown}


   Skills:
 + Level 2.6 Dodging
 - Level 1.9 Stealth
 + Level 2.7 Spellcasting
 * Level 2.9 Conjurations
 * Level 4.0 Fire Magic


You had 8 spell levels left.
You knew the following spells:

 Your Spells              Type           Power        Failure   Level
a - Foxfire               Conj/Fire      56%          4%          1

Your spell library contained the following spells:

 Spells                   Type           Power        Failure   Level
 Conjure Flame            Conj/Fire      14%          13%         3
 Animate Skeleton         Necr           4%           19%         1
 Apportation              Tloc           4%           19%         1
 Corona                   Hex            2%           19%         1
 Summon Small Mammal      Summ           8%           19%         1
 Inner Flame              Hex/Fire       9%           24%         3
 Sticky Flame             Conj/Fire      14%          38%         4
 Fireball                 Conj/Fire      7%           75%         5


Dungeon Overview and Level Annotations

Branches:
Dungeon (6/15)             Temple (1/1) D:4

Altars:
Cheibriados
Fedhas
Gozag
Kikubaaqudgha
Nemelex Xobeh
Qazlal
Ru
Trog
Vehumet
Wu Jian
Zin


Innate Abilities, Weirdness & Mutations

Your plain brown scales are hard. (AC +5)
You cannot fit into any form of body armour.
You are cold-blooded and may be slowed by cold attacks.


Message History

It was a potion of curing.
You feel better. The orc hits you but does no damage.
The orc hits you with a +0 dagger.
* * * LOW HITPOINT WARNING * * *
The orc hits you but does no damage.
You regained 4 hp, and now have 5/38 hp.
It was a potion of might.
You feel very mighty all of a sudden. The orc hits you with a +0 dagger.
* * * LOW HITPOINT WARNING * * *
The orc barely misses you. The orc misses you.
You take 4 damage, and have 1/38 hp.
It was a potion of attraction.
You feel attractive to monsters.
The orc barely misses you. x2; The ogre is pulled toward you!
It was a potion of cancellation.
Your magical effects are unravelling.
You feel magically purged.
You feel a little less mighty now.
You feel a little less clever now. The orc hits you with a +0 hand axe.
You die...

#...# ....# ...# ....#
#..# #...# #..# ##..#
#..# ###.####.# #..#
.##......##.###..#
....#######.....o#
......# # ###o@###
#####.# #.#..o..$#
#####.## #.#......###
.......####.....$.....#
..#.........#.O....#.#.#
..#.#..######..........
..#.#..# #.##.###.#.#
....#..######.##.# ....
..###.........##.# #.


You could see an ogre and 3 orcs.

Vanquished Creatures
  An orc wizard (D:4)
  A worker ant (D:4)
  An adder (D:2)
  An ooze (D:2)
  3 worms
  3 dart slugs (D:1)
  3 leopard geckos
  5 orcs (D:3)
  2 ball pythons
  A giant cockroach (D:3)
  10 goblins
  11 hobgoblins
  2 jackals (D:3)
  A quokka (D:4)
  7 bats
  8 frilled lizards
  A jackal zombie (D:5)
  8 kobolds
  6 rats
75 creatures vanquished.

Vanquished Creatures (collateral kills)
  5 foxfires (D:1)
5 creatures vanquished.

Vanquished Creatures (others)
  2 hobgoblins (D:3)
  239 foxfires
241 creatures vanquished.

Grand Total: 321 creatures vanquished

Notes
Turn   | Place    | Note
-------+----------+-------------------------------------------
     0 | D:1      | kaeus the Draconian Fire Elementalist began the quest for
                  | the Orb.
     0 | D:1      | Reached XP level 1. HP: 14/14 MP: 3/3
   167 | D:1      | Reached XP level 2. HP: 16/20 MP: 0/5
  1121 | D:1      | Reached XP level 3. HP: 26/26 MP: 0/6
  2263 | D:2      | Reached XP level 4. HP: 33/33 MP: 3/7
  3446 | D:3      | Found a radiant altar of Vehumet.
  3495 | D:3      | You fall into a shaft and drop 3 floors!
  3509 | D:6      | Found an opulent altar of Gozag.
  3625 | D:5      | Entered Level 5 of the Dungeon
  3892 | D:4      | Found a staircase to the Ecumenical Temple.
  3966 | Temple   | Entered the Ecumenical Temple
  4277 | D:4      | Noticed an ogre
  4286 | D:4      | Reached skill level 4 in Fire Magic
  4286 | D:4      | Reached XP level 5. HP: 13/38 MP: 7/9
  4288 | D:4      | HP: 1/38 [orc/+0 hand axe (3)]
  4293 | D:4      | Slain by an orc

Illustrated notes

Levels and vault maps discovered:
D:1:      dpeg_arrival_line_fractal, layout_basic, serial_forest,
          infiniplex_forest_lined_2, infiniplex_forest_lined_3,
          infiniplex_forest_lined_room_3, infiniplex_forest_clump_double,
          infiniplex_forest_clump_small, infiniplex_forest_corner_1,
          nrook_loot_triangle, roderic_serpentine_path
D:2:      layout_rooms
D:3:      layout_loops_corners, fiery_altar_vehumet, serial_bayou_lagoon_a
D:4:      layout_loops_ring, minmay_temple_entry_nine_rooms, minivault_19
D:5:      layout_basic, grunt_dithmenos_smoke_and_mirrors, serial_glass,
          glass_columns_a, glass_columns_c
D:6:      layout_basic, grunt_gozag_statues, nicolae_ashenzari_panopticon,
          chequers_serial_rivers_large_a, uniq_duvessa
Temple:   nicolae_temple_figure_zero

Skill      XL: |  1  2  3  4 |
---------------+-------------+-----
Dodging        | 2 |  2.6
Conjurations   | 2 |  2.9
Fire Magic     | 4 |  4.0
Stealth        | |  1.9
Spellcasting   | |  2.7

Action                   |  1- 3 |  4- 6 || total
-------------------------+-------+-------++-------
Melee: Unarmed           |     9 |       ||     9
       Dagger            |    21 |    25 ||    46
       Tailslap          |     2 |     1 ||     3
 Cast: Foxfire           |   103 |    65 ||   168
  Use: Scroll            |       |     1 ||     1
       Potion            |       |     5 ||     5
Armor: Skin              |     9 |    12 ||    21
Dodge: Dodged            |     9 |    28 ||    37
